 Dungeon Crawl Stone Soup version 0.21.1-1-g345015f (webtiles) character file.

93 sking99 the Insei (level 4, -6/28 HPs)
             Began as an Octopode Transmuter on June 23, 2018.
             Was an Initiate of Okawaru.
             Killed by divine providence
             ... invoked by an orc priest
              (13 damage)
             ... on level 3 of the Dungeon.
             The game lasted 00:08:09 (3073 turns).

sking99 the Insei (Octopode Transmuter)             Turns: 3073, Time: 00:08:09

Health: -6/28      AC:  2    Str:  9    XL:     4   Next: 61%
Magic:  5/7        EV: 19    Int: 21    God:    Okawaru [......]
Gold:   105        SH:  0    Dex: 17    Spells: 1/7 levels left

rFire    . . .     SeeInvis .     - Unarmed
rCold    . . .     Gourm    .   (shield currently unavailable)
rNeg     . . .     Faith    .   (helmet currently unavailable)
rPois    x         Spirit   .   (no amulet)
rElec    .         Reflect  .   (no ring)
rCorr    .         Harm     .   (no ring)
MR       .....                  (no ring)
Stlth    ++........             (no ring)
HPRegen  0.09/turn              (no ring)
MPRegen  0.10/turn              (no ring)
                                (no ring)
                                (no ring)

@: brilliant, spider-form
A: tiny, almost no armour, stealthy swim, (amphibious), 8 rings, (constrict 8)
a: End Transformation, Renounce Religion


You were on level 3 of the Dungeon.
You worshipped Okawaru.
Okawaru was noncommittal.
You were hungry.
You were a venomous arachnid creature.
You visited 1 branch of the dungeon, and saw 3 of its levels.

You collected 105 gold pieces.

Inventory:

Missiles
 a - 46 arrows
Scrolls
 e - 3 scrolls of remove curse {unknown}
 f - a scroll of identify {unknown}
 g - 2 scrolls of enchant weapon {unknown}
 h - a scroll of amnesia {unknown}
 j - a scroll of teleportation {unknown}
Potions
 l - a potion of mutation {unknown}
 m - a potion of heal wounds {unknown}
Books
 b - a book of Changes

   Spells                             Type                      Level
   a - Beastly Appendage              Transmutation                1
   b - Sticks to Snakes               Transmutation                2
   c - Spider Form                    Transmutation/Poison         3
   d - Ice Form                       Ice/Transmutation            4
   e - Blade Hands                    Transmutation                5
Comestibles
 c - 4 rations


   Skills:
 - Level 1.0 Fighting
 - Level 2.0 Dodging
 * Level 4.4 Unarmed Combat
 + Level 2.4 Spellcasting
 + Level 2.4 Transmutations
 + Level 1.2 Poison Magic


You had one spell level left.
You knew the following spells:

 Your Spells              Type           Power        Failure   Level  Hunger
a - Spider Form           Tmut/Pois      ###.......   4%          3    ###....
b - Sticks to Snakes      Tmut           ####....     2%          2    ##.....
c - Beastly Appendage     Tmut           ####..       1%          1    None


Dungeon Overview and Level Annotations

Branches:
Dungeon (3/15)

Altars:
Okawaru
Xom


Innate Abilities, Weirdness & Mutations

You cannot wear most types of armour.
You are very stealthy in the water. (Stealth+)
((You are amphibious.))
You can wear up to eight rings at the same time.
((You can use your tentacles to constrict eight enemies at once.))
((Your skin changes colour to match your surroundings (Stealth+).))
((Your rubbery body absorbs attacks. (AC +1, EV +1)))


Message History

Confirm with . or Enter, or press ? or * to list all spells.
You turn into a venomous arachnid creature.
You climb downwards.
The orc priest invokes the aid of Beogh against you.
Pain shoots through your body! The orc hits you with a mace.
There is a stone staircase leading up here.
You barely miss the orc. The orc priest closely misses you. The orc misses you.
You barely miss the orc priest. The orc priest barely misses you.
The kobold unwields an uncursed blowgun.
The kobold wields an uncursed short sword of electrocution.
You hear the crackle of electricity.
The kobold misses you.
You barely miss the orc priest. The orc closely misses you.
The orc priest calls down the wrath of Beogh upon you.
Beogh smites you!
* * * LOW HITPOINT WARNING * * *
The kobold closely misses you. The orc misses you.
The orc priest mumbles some strange prayers to Beogh against you.
Beogh smites you!
You die...

####...(##..##..
#......##..
#.....(# .#
#†((...# #
#.....(#
#(.....#
#o.....#
#oK....#
#so....#
###+####


You could see 2 orc priests, an orc and a kobold.

Vanquished Creatures
  2 gnolls
  An adder (D:2)
  An adder skeleton (D:2)
  A worm (D:2)
  4 dart slugs
  A leopard gecko (D:2)
  3 giant cockroaches
  7 goblins
  4 hobgoblins
  7 kobolds
  A quokka (D:2)
  3 ball pythons
  3 bats (D:2)
  2 frilled lizards (D:2)
  13 rats
53 creatures vanquished.

Notes
Turn   | Place    | Note
-------+----------+-------------------------------------------
     0 | D:1      | sking99 the Octopode Transmuter began the quest for the Orb.
     0 | D:1      | Reached XP level 1. HP: 13/13 MP: 3/3
   190 | D:1      | Reached XP level 2. HP: 7/18 MP: 3/5
   602 | D:1      | Reached skill level 4 in Unarmed Combat
   602 | D:1      | Reached XP level 3. HP: 15/23 MP: 4/6
   708 | D:1      | Learned a level 2 spell: Sticks to Snakes
   712 | D:1      | Learned a level 3 spell: Spider Form
  2020 | D:2      | Reached XP level 4. HP: 25/28 MP: 0/7
  2023 | D:2      | Reached skill level 1 in Poison Magic
  2317 | D:2      | Found a shimmering altar of Xom.
  2317 | D:2      | Found an iron altar of Okawaru.
  2321 | D:2      | Became a worshipper of Warmaster Okawaru
  3073 | D:3      | Killed from afar by an orc priest

Skill      XL: |  1  2  3  4 |
---------------+-------------+-----
Unarmed Combat | 4 |  4.4
Poison Magic   | 1 |  1.2
Fighting       | |  1.0
Dodging        | |  2.0
Spellcasting   | |  2.4
Transmutations | |  2.4

Action                   |  1- 3 |  4- 6 || total
-------------------------+-------+-------++-------
Melee: Unarmed           |    85 |    46 ||   131
       Constrict         |    18 |     2 ||    20
       Kick              |    13 |       ||    13
       Tentacles         |    10 |     1 ||    11
 Cast: Beastly Appendage |    20 |       ||    20
       Spider Form       |     4 |     9 ||    13
  Use: Potion            |       |     3 ||     3
 Stab: Sleeping          |     3 |     2 ||     5
  Eat: Chunk             |     1 |     4 ||     5
       Ration            |     1 |       ||     1
Armor: Skin              |    11 |     3 ||    14
Dodge: Dodged            |    52 |    36 ||    88
